cohdb
Replays
Latest Replays
All Replays
Popular Replays
Top Player Replays
Match Explorer
How It Works
Community
CoH3 Stats
Reddit
Sign in to upload your games and track your stats! →
Sign in with Steam
Match 44634392
Unlisted
Match 44634392
Overview
Messages
Build Orders
End
Construct Infanterie Kompanie
Selects Breakthrough Battlegroup
Grenadier Squad
Grenadier Squad
MG 42 Machine Gun Team
Grenadier Squad
Infanterie Officer Quarters
Selects Assault Grenadiers
Selects Breakthrough
GrW 34 Mortar Team
Construct Luftwaffe Kompanie
Selects Mechanized Assault Group
Mechanized Assault Group
Support Elements
Wirbelwind Flakpanzer
Selects Rapid Production
Wirbelwind Flakpanzer
Medical Station
pagep
7k this year for sure
jonafrag
pensss
0
0
Comments
sign in to comment!
No comments posted yet!